 Dungeon Crawl Stone Soup version 0.21.1-1-g345015f (webtiles) character file.

133 doot the Skirmisher (level 4, -3/37 HPs)
             Began as a Demonspawn Abyssal Knight on June 7, 2018.
             Was a Believer of Lugonu.
             Killed from afar by Alter's ghost (5 damage)
             ... with a magic dart
             ... on level 3 of the Dungeon.
             The game lasted 00:04:07 (2247 turns).

doot the Skirmisher (Demonspawn Abyssal Knight)     Turns: 2247, Time: 00:04:08

Health: -3/37      AC:  7    Str: 13    XL:     4   Next: 93%
Magic:  0/6        EV: 11    Int: 13    God:    Lugonu [**....]
Gold:   98         SH:  0    Dex: 13    Spells: 2/3 levels left

rFire    . . .     SeeInvis .   a - +1 hand axe
rCold    . . .     Gourm    .   (no shield)
rNeg     . . .     Faith    .   d - +0 ring mail
rPois    .         Spirit   +   (helmet restricted)
rElec    .         Reflect  .   (no cloak)
rCorr    .         Harm     .   (no gloves)
MR       .....                  (no boots)
Stlth    +.........             (no amulet)
HPRegen  0.12/turn              (no ring)
MPRegen  0.10/turn              (no ring)

@: no status effects
A: antennae 1, molten scales 1, magic shield
a: Depart the Abyss, Bend Space, Renounce Religion


You were on level 3 of the Dungeon.
You worshipped Lugonu.
Lugonu was pleased with you.
You were not hungry.

You visited 1 branch of the dungeon, and saw 3 of its levels.
You visited the Abyss 1 time.

You collected 98 gold pieces.

Inventory:

Hand Weapons
 a - a +1 hand axe (weapon)
 r - a +2 club
Armour
 b - a +0 leather armour
 d - a +0 ring mail (worn)
 l - a +0 helmet
 s - a +2 helmet
Scrolls
 e - 7 scrolls of identify {unknown}
 g - 2 scrolls of immolation {unknown}
 j - a scroll of fear {unknown}
 k - 2 scrolls of teleportation {unknown}
 m - 4 scrolls of remove curse {unknown}
 o - a scroll of amnesia {unknown}
 p - a scroll of noise {unknown}
Potions
 f - a potion of curing {unknown}
 h - a potion of brilliance {unknown}
 i - a potion of haste {unknown}
 t - a potion of heal wounds {unknown}
Books
 q - a book of Cantrips

   Spells                             Type                      Level
   a - Confusing Touch                Hexes                        1
   b - Animate Skeleton               Necromancy                   1
   c - Summon Small Mammal            Summoning                    1
   d - Apportation                    Translocation                1
Comestibles
 c - 6 rations
 n - 2 chunks of flesh


   Skills:
 + Level 3.9 Fighting
 + Level 2.5 Axes
 + Level 2.6 Armour
 + Level 2.2 Dodging
 + Level 2.9 Invocations


You had 2 spell levels left.
You knew the following spells:

 Your Spells              Type           Power        Failure   Level  Hunger
a - Animate Skeleton      Necr           N/A          54%         1    ##.....


Dungeon Overview and Level Annotations

Branches:
Dungeon (3/15)

Altars:
Fedhas

Annotations:
D:3 Alter's ghost, amateur DgCj


Innate Abilities, Weirdness & Mutations

You have a pair of small antennae on your head.
You are partially covered in molten scales. (AC +2)
When hurt, damage is shared between your health and your magic reserves.


Message History

You barely miss Alter's ghost.
Alter's ghost is severely damaged.
Alter's ghost hits you but does no damage.
Alter's ghost hits you.
* * * LOW HITPOINT WARNING * * *
You closely miss Alter's ghost.
Alter's ghost is severely damaged.
Alter's ghost completely misses you.
You closely miss Alter's ghost.
Alter's ghost is severely damaged.
Alter's ghost hits you but does no damage.
You hit Alter's ghost.
Alter's ghost is severely damaged.
Alter's ghost casts a spell at you. The magic dart hits you!
* * * LOW HITPOINT WARNING * * *
Space bends around you!
You blink.
Alter's ghost points at you and mumbles some strange words.
The magic dart hits you!
You die...

...##..####.#
############..#
#..
......[.......#
###
#######.#######
#.# #.# #.#
#$########ยง#
#.....@.[W.#
############


You could see Alter's ghost.

Vanquished Creatures
  Terence (D:3)
  Robin (D:3)
  An adder (D:3)
  2 worms
  3 dart slugs
  5 leopard geckos
  5 orcs (D:3)
  A ball python (D:2)
  10 goblins
  5 hobgoblins
  3 jackals (D:1)
  5 quokkas
  7 bats
  2 frilled lizards
  6 kobolds
  4 rats
61 creatures vanquished.

Notes
Turn   | Place    | Note
-------+----------+-------------------------------------------
     0 | Abyss:1  | doot the Demonspawn Abyssal Knight began the quest for the Orb.
     0 | Abyss:1  | Reached XP level 1. HP: 18/18 MP: 2/2
    50 | D:1      | Escaped the Abyss
   140 | D:1      | Reached skill level 1 in Dodging
   197 | D:1      | Gained mutation: When hurt, damage is shared between your health and your magic reserves. [demonic ancestry]
   197 | D:1      | Reached XP level 2. HP: 24/24 MP: 4/4
  1002 | D:2      | Reached ** piety under Lugonu
  1200 | D:2      | Gained mutation: You have a pair of small antennae on your head. [demonic ancestry]
  1200 | D:2      | Reached XP level 3. HP: 30/30 MP: 5/5
  1513 | D:3      | Noticed Terence
  1531 | D:3      | Killed Terence
  1531 | D:3      | Gained mutation: You are partially covered in molten scales. (AC +2) [demonic ancestry]
  1531 | D:3      | Reached XP level 4. HP: 18/37 MP: 1/6
  1774 | D:3      | Learned a level 1 spell: Animate Skeleton
  2085 | D:3      | Found a faded altar of an unknown god.
  2104 | D:3      | Noticed Robin
  2126 | D:3      | Killed Robin
  2199 | D:3      | Found a blossoming altar of Fedhas.
  2226 | D:3      | Noticed Alter's ghost (amateur DgCj)
  2247 | D:3      | Killed from afar by Alter's ghost

Skill      XL: |  1  2  3  4 |
---------------+-------------+-----
Dodging        | 1 2 |  2.2
Axes           | 2 |  2.5
Armour         | 2 |  2.6
Fighting       | |  3.9
Invocations    | |  2.9

Action                   |  1- 3 |  4- 6 || total
-------------------------+-------+-------++-------
Melee: Hand axe          |   144 |    87 ||   231
Invok: Bend Space        |       |     1 ||     1
  Eat: Chunk             |     2 |     3 ||     5
Armor: Ring mail         |    69 |    40 ||   109
       Leather armour    |     3 |       ||     3
Dodge: Dodged            |    97 |    48 ||   145
